Map: Site Delta LE

Players

PiG - Winner!

  • Race: Protoss Protoss
  • League: Master
  • Spawn Location: 5:00

AbeFroman

  • Race: Zerg Zerg
  • League: Diamond
  • Spawn Location: 11:00

VOD

Have the link to the VOD?

Description

Time

  • Played on: Jan. 16, 2024, 6:05 p.m.
  • Length: 16:43
Show
View Real Time Build Order
Export as new Build Order

PiG Protoss - Winner!

Build Orders: 1 Gate Expand, Colossus Rush 

Get SALT Encoding   

  12  0:03  Probe  
  13  0:15  Probe  
  13  0:18  Pylon  
  14  0:27  Probe  
  15  0:39  Probe (Chrono Boost)  
  15  0:40  Gateway  
  16  0:46  Assimilator  
  16  0:51  Probe (Chrono Boost)  
  17  0:57  Probe  
  18  1:09  Probe  
  19  1:21  Probe  
  19  1:28  Nexus  
  19  1:35  Cybernetics Core  
  19  1:37  Probe  
  20  1:42  Assimilator  
  20  1:52  Pylon  
  20  1:55  Probe  
  21  2:07  Probe  
  22  2:08  Adept (Chrono Boost)  
  24  2:17  Warp Gate  
  24  2:19  Probe  
  25  2:28  Robotics Facility  
  25  2:32  Probe (Chrono Boost)  
  25  2:33  Stalker (Chrono Boost)  
  28  2:40  Probe (Chrono Boost)  
  30  2:49  Probe x2 (Chrono Boost)  
  31  2:55  Probe  
  31  2:57  Probe  
  33  3:07  Probe  
  33  3:09  Probe  
  35  3:19  Probe  
  36  3:21  Probe  
  37  3:31  Probe, Observer (Chrono Boost)  
  37  3:33  Gateway  
  37  3:34  Probe  
  40  3:35  Shield Battery  
  40  3:37  Pylon  
  40  3:43  Probe  
  40  3:46  Probe  
  42  3:49  Immortal  
  42  3:52  Pylon  
  46  3:56  Probe  
  46  3:57  Pylon  
  46  4:01  Pylon  
  47  4:07  Adept  
  47  4:08  Probe x2  
  47  4:09  Assimilator  
  51  4:11  Assimilator  
  51  4:13  Robotics Bay  
  51  4:17  Robotics Facility  
  51  4:20  Probe  
  51  4:22  Probe  
  53  4:32  Probe  
  54  4:42  Probe  
  54  4:44  Probe  
  55  4:53  Observer  
  55  4:54  Probe  
  55  4:56  Probe  
  55  4:59  Nexus  
  57  5:00  Pylon  
  57  5:07  Colossus (Chrono Boost)  
  57  5:08  Colossus (Chrono Boost)  
  69  5:16  Extended Thermal Lance  
  69  5:17  Probe  
  69  5:21  Probe  
  71  5:22  Zealot  
  71  5:23  Zealot  
  71  5:26  Shield Battery  
  75  5:29  Probe  
  75  5:33  Probe, Twilight Council  
  77  5:36  Forge  
  77  5:39  Observer  
  77  5:43  Sentry  
  79  5:51  Probe  
  79  5:52  Pylon  
  79  5:54  Probe  
  79  5:55  Pylon  
  81  6:03  Probe  
  82  6:11  Probe x2, Observer  
  84  6:17  Gateway  
  84  6:20  Gateway  
  84  6:22  Gateway  
  84  6:23  Protoss Ground Weapons Level 1  
  84  6:25  Gateway  
  84  6:28  Gateway  
  84  6:30  Templar Archives  
  88  6:38  Observer  
  89  6:42  Shield Battery  
  89  6:45  Stargate  
  89  6:47  Shield Battery  
  89  6:49  Photon Cannon  
  89  6:51  Photon Cannon, Stargate  
  89  6:56  Photon Cannon  
  89  7:00  Stalker x2  
  89  7:09  Pylon  
  89  7:13  Pylon  
  89  7:21  Stalker x4  
  97  7:31  Stalker x3  
  97  7:33  Phoenix (Chrono Boost)  
  97  7:35  Phoenix (Chrono Boost)  
  106  7:43  Probe (Chrono Boost)  
  109  7:48  Probe (Chrono Boost), Assimilator  
  109  7:49  Probe (Chrono Boost)  
  109  7:52  Phoenix x2 (Chrono Boost)  
  109  7:53  Probe (Chrono Boost), Assimilator  
  109  7:57  Probe x2 (Chrono Boost)  
  109  7:58  Probe (Chrono Boost)  
  117  8:07  Probe x2  
  119  8:13  Probe  
  119  8:14  Phoenix (Chrono Boost)  
  119  8:19  Probe x2  
  124  8:22  Phoenix (Chrono Boost)  
  126  8:40  Probe  
  127  8:47  Pylon  
  127  8:48  Pylon, Nexus  
  127  8:50  Pylon x2  
  127  8:52  Pylon  
  127  8:56  Assimilator  
  127  8:57  Disruptor (Chrono Boost)  
  127  9:00  Charge (Chrono Boost)  
  127  9:01  Assimilator  
  127  9:02  Protoss Ground Weapons Level 2  
  131  9:04  Pylon, Disruptor (Chrono Boost)  
  135  9:12  Gateway  
  135  9:15  Gateway  
  135  9:16  Zealot  
  137  9:17  Gateway  
  137  9:21  Pylon  
  137  9:23  High Templar x3  
  143  9:26  High Templar  
  143  9:30  Photon Cannon  
  143  9:31  Photon Cannon  
  145  9:33  Shield Battery  
  145  9:34  Photon Cannon x2  
  145  9:40  Photon Cannon  
  145  9:45  Archon  
  145  9:46  Photon Cannon  
  145  9:47  Immortal x2, Archon  
  153  10:06  Photon Cannon  
  151  10:08  Photon Cannon  
  151  10:10  High Templar  
  151  10:11  High Templar  
  151  10:12  High Templar, Photon Cannon x2  
  157  10:14  Photon Cannon x2  
  157  10:28  High Templar x2  
  131  10:32  Archon  
  121  10:36  Zealot x2  
  120  10:47  Pylon  
  120  10:50  Pylon  
  120  10:54  Archon  
  120  10:55  High Templar  
  120  10:56  High Templar x2, Pylon  
  126  10:59  Archon  
  126  11:00  Archon  
  126  11:02  Colossus (Chrono Boost)  
  126  11:10  Immortal (Chrono Boost)  
  136  11:26  Shield Battery  
  136  11:27  Probe (Chrono Boost)  
  136  11:28  Photon Cannon  
  136  11:30  Pylon, Protoss Ground Weapons Level 3 (Chrono Boost)  
  136  11:31  Probe x3 (Chrono Boost)  
  140  11:38  Probe (Chrono Boost)  
  144  11:42  Probe x3 (Chrono Boost)  
  144  11:43  Forge, Blink  
  144  11:51  Probe x2  
  146  12:01  Photon Cannon  
  146  12:07  Shield Battery  
  146  12:10  Photon Cannon  
  146  12:11  Colossus (Chrono Boost)  
  146  12:12  Photon Cannon  
  146  12:14  Immortal (Chrono Boost), Observer  
  158  12:17  Protoss Shields Level 1 (Chrono Boost)  
  158  12:21  Pylon  
  156  12:23  High Templar x2  
  156  12:24  High Templar x2  
  156  12:25  Zealot x3  
  156  12:29  Archon x2  
  169  12:50  Observer (Chrono Boost)  
  170  12:54  Nexus  
  170  12:55  Photon Cannon  
  170  12:57  Photon Cannon  
  171  12:59  Photon Cannon  
  171  13:00  Shield Battery  
  171  13:01  Observer (Chrono Boost)  
  171  13:02  Pylon, Observer  
  171  13:06  Observer  
  171  13:09  Psionic Storm  
  171  13:16  High Templar x4  
  171  13:17  High Templar x2  
  181  13:28  Archon  
  181  13:29  Archon x2  
  181  13:31  Immortal x2  
  181  13:33  Shield Battery  
  187  13:36  Photon Cannon  
  187  13:37  Probe  
  187  13:38  Probe x3  
  175  13:49  Probe  
  175  13:50  Probe x2  
  175  13:51  Zealot x7  
  186  13:57  Shield Battery  
  174  14:05  Protoss Ground Armor Level 1 (Chrono Boost)  
  174  14:15  Robotics Facility  
  174  14:17  Robotics Facility  
  174  14:28  Photon Cannon  
  174  14:30  Photon Cannon x2  
  174  14:32  Photon Cannon  
  174  14:34  Photon Cannon  
  174  14:37  High Templar x4  
  174  14:38  High Templar x2  
  186  14:45  Archon x3  
  174  15:15  High Templar x4  
  174  15:16  High Templar  
  174  15:17  Zealot x4  
  174  15:18  Zealot  
  192  15:23  Immortal x2  
  196  15:43  Zealot x2  
  198  15:50  Zealot  
  198  15:51  Zealot  
  169  16:02  Immortal x2  
  167  16:04  Zealot x4  
  167  16:05  Zealot x4  
Show
View Real Time Build Order
Export as new Build Order

AbeFroman Zerg 

Build Orders: Hatch First 

Get SALT Encoding   

  12  0:01  Drone  
  13  0:13  Overlord  
  13  0:18  Drone  
  14  0:31  Drone x2  
  16  0:50  Hatchery  
  16  0:53  Drone  
  16  0:56  Drone  
  17  1:00  Drone  
  18  1:10  Extractor  
  17  1:15  Spawning Pool  
  16  1:23  Drone  
  17  1:27  Drone  
  17  1:31  Drone  
  19  1:39  Drone  
  20  1:50  Overlord  
  20  2:02  Queen x2  
  20  2:05  Zergling x2  
  20  2:07  Zergling x2  
  26  2:11  Drone  
  26  2:14  Drone  
  28  2:19  Metabolic Boost  
  28  2:25  Drone  
  29  2:32  Drone  
  30  2:37  Zergling x4  
  32  2:48  Hatchery  
  31  2:55  Overlord  
  31  2:59  Queen  
  31  3:03  Drone  
  31  3:05  Drone  
  35  3:17  Drone x2  
  35  3:18  Overlord  
  37  3:20  Drone  
  37  3:21  Drone  
  39  3:27  Drone x3  
  42  3:42  Overlord  
  42  3:43  Queen  
  42  3:47  Spore Crawler  
  43  3:49  Drone  
  43  3:50  Drone x4  
  43  3:51  Drone  
  49  3:57  Lair  
  49  4:02  Queen  
  51  4:07  Spore Crawler  
  50  4:15  Overlord  
  50  4:16  Drone x4  
  54  4:19  Extractor  
  53  4:25  Overlord  
  53  4:27  Drone x4  
  53  4:28  Drone  
  57  4:35  Drone x4  
  57  4:37  Drone  
  61  4:42  Drone  
  61  4:52  Extractor  
  60  4:53  Extractor  
  59  5:00  Spire  
  59  5:01  Drone x3  
  59  5:02  Drone  
  59  5:03  Extractor  
  59  5:06  Extractor  
  59  5:07  Drone x4  
  62  5:09  Drone x3  
  62  5:11  Drone  
  68  5:17  Drone x2  
  68  5:18  Evolution Chamber  
  69  5:21  Drone x7  
  76  5:35  Drone  
  77  5:45  Overlord x3  
  77  5:46  Overlord x2  
  77  5:48  Hatchery  
  76  5:51  Zerg Melee Weapons Level 1  
  76  6:01  Zergling x2  
  77  6:10  Spore Crawler  
  76  6:13  Mutalisk x8  
  76  6:18  Roach Warren  
  91  6:25  Zergling x18  
  97  6:26  Evolution Chamber  
  99  6:38  Zerg Flyer Weapons Level 1  
  99  6:41  Drone  
  99  6:42  Drone x6  
  106  6:47  Overlord  
  106  6:49  Drone x3  
  109  6:54  Hatchery  
  108  7:05  Overlord, Baneling Nest  
  108  7:06  Overlord x2  
  108  7:07  Drone x7  
  114  7:13  Drone  
  114  7:14  Drone x3  
  118  7:24  Zergling x16  
  126  7:33  Zergling x2  
  126  7:34  Zergling x4  
  127  7:40  Zerg Ground Armor Level 1  
  127  7:41  Zergling x10  
  132  7:47  Zerg Melee Weapons Level 2  
  132  7:50  Zergling x12  
  138  8:02  Extractor  
  138  8:03  Extractor  
  136  8:07  Centrifugal Hooks  
  136  8:08  Zergling x20  
  136  8:11  Hatchery  
  145  8:13  Overlord x4  
  145  8:20  Zergling x12  
  145  8:21  Zergling x6  
  152  8:31  Overlord x3  
  144  8:36  Zergling x2  
  144  8:37  Zergling x4  
  143  8:45  Infestation Pit  
  143  8:48  Zergling x16  
  143  8:49  Zergling x12  
  143  8:50  Hatchery  
  155  9:02  Zergling x12  
  161  9:08  Zergling x4  
  163  9:11  Overseer  
  163  9:12  Overseer  
  163  9:19  Zergling x18  
  163  9:20  Zergling x2  
  172  9:24  Hive  
  172  9:36  Zergling x22  
  173  9:43  Baneling x18  
  166  9:46  Baneling  
  166  9:47  Baneling x25  
  166  9:48  Baneling x24  
  166  9:49  Baneling x2  
  166  9:50  Baneling x2  
  166  10:05  Baneling Nest  
  163  10:13  Baneling x17  
  163  10:14  Baneling x25  
  163  10:15  Baneling  
  111  10:31  Zergling x2  
  111  10:32  Zergling x30  
  103  10:54  Ultralisk Cavern  
  103  10:55  Zerg Melee Weapons Level 3  
  103  10:56  Zerg Missile Weapons Level 1  
  102  11:03  Zergling x36  
  114  11:32  Drone x6  
  120  11:41  Anabolic Synthesis  
  120  11:44  Ultralisk x4  
  120  11:45  Ultralisk  
  150  11:51  Ultralisk  
  156  12:00  Drone x2  
  156  12:01  Drone x6  
  162  12:03  Extractor  
  162  12:05  Ultralisk, Extractor  
  168  12:10  Ultralisk  
  180  12:15  Ultralisk  
  180  12:24  Chitinous Plating  
  180  12:30  Ultralisk  
  180  12:33  Hatchery  
  184  12:37  Ultralisk  
  184  12:38  Zergling x2  
  184  12:39  Zergling x14  
  198  12:48  Baneling  
  198  12:49  Baneling x23  
  198  12:50  Baneling  
  198  12:51  Baneling x4  
  198  12:59  Zergling x4  
  196  13:28  Zergling x8  
  187  13:34  Zergling x2  
  187  13:35  Zergling x22  
  159  13:56  Ultralisk x3  
  159  13:57  Ultralisk x3  
  193  14:05  Ultralisk  
  193  14:06  Zergling x2  
  200  14:16  Ultralisk, Zergling x2  
  198  14:17  Zergling x4  
  188  14:45  Ultralisk x2, Zergling x2  
  196  14:56  Zergling x32  
  182  15:02  Ultralisk x4  
  182  15:03  Zergling x28  
  184  15:08  Zergling x10  
  184  15:09  Zergling x16  
  193  15:27  Ultralisk  
  193  15:28  Zergling x2  
  159  15:56  Ultralisk x4, Zergling x4  
  169  15:57  Zergling x12  
  169  16:03  Zergling x2  
  169  16:04  Zergling x16  
Tags
 
Add a new tag
Caveats
  • Supply blocks, unpowered buildings, or Contaminate may cause inaccurate times.
  • Supply counts are checked every 10 seconds.